 Dungeon Crawl Stone Soup version 0.26-a0-658-gbdda728c12 (webtiles) character file.

Game seed: 1207678248258707409

179 marklar909 the Bolt Thrower (level 5, -1/30 HPs)
             Began as a Kobold Arcane Marksman on Oct 5, 2020.
             Was a Follower of Fedhas.
             Killed from afar by an orc wizard (8 damage)
             ... with a puff of flame
             ... on level 4 of the Dungeon.
             The game lasted 00:06:33 (3549 turns).

marklar909 the Bolt Thrower (KoAM)                  Turns: 3549, Time: 00:06:34

Health: -1/30      AC:  7    Str:  9    XL:     5   Next: 90%
Magic:  6/6        EV: 15    Int: 14    God:    Fedhas [*.....]
Gold:   130        SH:  0    Dex: 15    Spells: 2/6 levels left

rFire    . . .     SeeInvis .   b - +2 short sword (holy)
rCold    . . .     Faith    .   (shield restricted)
rNeg     . . .     Spirit   .   f - +0 leather armour
rPois    .         Reflect  .   (no helmet)
rElec    .         Harm     .   m - +2 cloak
rCorr    .         Rampage  .   s - +0 pair of gloves
MR       +....                  (no boots)
Stlth    +++.......             k - amulet of the acrobat
HPRegen  0.10/turn              (no ring)
MPRegen  0.10/turn              (no ring)

@: no status effects
A: small, blurry vision 1, magic resistance 1, nightstalker 3, evolution 1
a: Renounce Religion


You were on level 4 of the Dungeon.
You worshipped Fedhas.
Fedhas was aware of your devotion.
You visited 1 branch of the dungeon, and saw 4 of its levels.

You collected 130 gold pieces.

Inventory:

Hand Weapons
 a - a +1 hand crossbow
 b - a +2 short sword of holy wrath (weapon)
Missiles
 d - 30 bolts
Armour
 f - a +0 leather armour (worn)
 m - a +2 cloak (worn)
 s - a +0 pair of gloves (worn)
Jewellery
 k - an amulet of the acrobat (around neck)
Wands
 u - a wand of paralysis (16)
Scrolls
 g - a scroll of blinking {unknown}
 h - 4 scrolls of identify
 l - a scroll of immolation {unknown}
 n - 2 scrolls of magic mapping
 o - a scroll of enchant armour
 p - a scroll of random uselessness {unknown}
 q - a scroll of remove curse
 r - a scroll of noise {unknown}
 t - a scroll of fear {unknown}
Potions
 c - 2 potions of brilliance
 i - a potion of cancellation
 j - 2 potions of stabbing
 v - a potion of heal wounds {unknown}
 w - a potion of haste {unknown}


   Skills:
 * Level 2.0 Fighting
 * Level 1.3 Short Blades
 + Level 5.0 Crossbows
 * Level 0.4 Armour
 * Level 2.9 Dodging
 + Level 1.1 Stealth
 + Level 1.1 Spellcasting
 * Level 3.7 Hexes
 * Level 0.5 Translocations


You had 2 spell levels left.
You knew the following spells:

 Your Spells              Type           Power        Failure   Level
a - Corona                Hex            ##.....      8%          1
b - Portal Projectile     Hex/Tloc       #.....       41%         3

Your spell library contained the following spells:

 Spells                   Type           Power        Failure   Level
 Slow                     Hex            ##......     12%         2
 Inner Flame              Hex/Fire       #.......     45%         3
 Cause Fear               Hex            ##........   61%         4
 Leda's Liquefaction      Hex/Erth       #.........   86%         4


Dungeon Overview and Level Annotations

Branches:
Dungeon (4/15)
 Temple: D:4-7

Altars:
Ashenzari
Elyvilon
Fedhas
Gozag
Hepliaklqana
Makhleb
Vehumet
Xom


Innate Abilities, Weirdness & Mutations

You are small and have problems with some larger weapons.
You are completely attuned to the shadows.
Scrolls take you a little longer to read.
You are resistant to hostile enchantments. (MR+)
You evolve.


Message History

You feel blessed for a moment.
It was a scroll of remove curse.
The orc priest looks braver for a moment.
The orc wizard hits you with a +0 dagger.
* * * LOW HITPOINT WARNING * * *
The ooze barely misses you.
Unknown command.
Okay, then.
Evoke which item? (* to show all) (? for menu, Esc to quit)
Aiming: Paralyse
Press: ? - help, Shift-Dir - straight line, f - ooze
Aim: an ooze (heavily wounded, chance to defeat MR: 46%)
Okay, then.
It was a potion of mutation.
You feel extremely strange.
You feel resistant to hostile enchantments.
Your vision blurs.
You feel nature experimenting on you.
Don't worry, failures die fast.
The orc wizard gestures at you while chanting.
The puff of flame hits you!
You die...
Fedhas appreciates your contribution to the ecosystem.

#.#
#.#######...#
#.#
#.......#....
##.#
#######.##.##
#..#
...#.##..#
#.##
....#.###.#
#.#
....#.....# #
#.# . ..
#######
#.#J#.#
.#.#@#.#
.#.#o#.#
.#.#.#.#
.#[#o#.#
.#.#.#.#
.#.#.#.#
.#.#.#.#
#.#.#.# # #.#
.


You could see an orc priest, an orc wizard and an ooze.

Vanquished Creatures
  9 adders
  An ooze (D:1)
  2 worms (D:3)
  5 dart slugs
  3 leopard geckos
  3 orcs (D:3)
  A giant cockroach (D:1)
  6 goblins
  10 hobgoblins
  3 jackals (D:1)
  7 kobolds
  A ball python (D:2)
  7 bats
  8 frilled lizards
  14 rats
80 creatures vanquished.

Vanquished Creatures (others)
  A hobgoblin (D:2)
1 creature vanquished.

Grand Total: 81 creatures vanquished

Notes
Turn   | Place    | Note
-------+----------+-------------------------------------------
     0 | D:1      | marklar909 the Kobold Arcane Marksman began the quest for
                  | the Orb.
     0 | D:1      | Reached XP level 1. HP: 12/12 MP: 2/2
   190 | D:1      | Reached XP level 2. HP: 10/16 MP: 3/3
   333 | D:1      | Found a broken altar of Ashenzari.
   378 | D:1      | Reached skill level 3 in Crossbows
   378 | D:1      | Reached XP level 3. HP: 16/20 MP: 4/4
   979 | D:2      | Found a radiant altar of Vehumet.
  1002 | D:2      | Reached XP level 4. HP: 25/25 MP: 5/5
  1029 | D:2      | Reached skill level 4 in Crossbows
  1058 | D:2      | Found a shimmering altar of Xom.
  1060 | D:2      | Found a burning altar of Makhleb.
  1127 | D:2      | Found a blossoming altar of Fedhas.
  1144 | D:2      | Became a worshipper of Fedhas Madash
  1205 | D:2      | Found a hazy altar of Hepliaklqana.
  1300 | D:2      | Found a white marble altar of Elyvilon.
  1510 | D:2      | Reached XP level 5. HP: 17/29 MP: 6/6
  1771 | D:2      | Found an opulent altar of Gozag.
  2082 | D:2      | Learned a level 3 spell: Portal Projectile
  2765 | D:3      | Reached skill level 1 in Stealth
  2837 | D:3      | Paralysed by an orc for 5 turns
  2850 | D:3      | Reached * piety under Fedhas
  3021 | D:3      | Reached skill level 1 in Short Blades
  3198 | D:3      | Reached skill level 5 in Crossbows
  3506 | D:4      | Noticed an ogre
  3549 | D:4      | Gained mutation: You are resistant to hostile enchantments.
                  | (MR+) [potion of mutation]
  3549 | D:4      | Gained mutation: Scrolls take you a little longer to read.
                  | [potion of mutation]
  3549 | D:4      | Gained mutation: You evolve. [potion of mutation]
  3549 | D:4      | Killed from afar by an orc wizard

Illustrated notes

Levels and vault maps discovered:
D:1:      dpeg_arrival_windows_large_door, layout_basic, interstate_on_off,
          evilmike_ruin_ashenzari
D:2:      layout_loops_ring, chequers_temple_overflow_statue_of_worship,
          lemuel_coloured_pillars_altar, nicolae_overflow_crystal_walls,
          lemuel_crystal_altar, nicolae_overflow_hidden_temple,
          fiery_altar_vehumet
D:3:      layout_loops_ring
D:4:      layout_loops_ring, overflow_temple_1_default, marbit_many_paths,
          serial_co_window_serial, co_window_corner_a, co_window_corner_a,
          co_window_corner_a, co_window_corner_a, co_window_corner_a,
          co_window_of_opportunity_a, co_window_paths_a, co_window_corner_b,
          co_window_broadway_b, co_window_of_opportunity_b, co_window_corner_b,
          co_window_of_opportunity_b, co_window_broadway_a, co_window_4corner_b,
          co_window_paths_d, chequers_serial_rivers_marsh, uniq_pikel

Skill      XL: |  1  2  3  4  5 |
---------------+----------------+-----
Crossbows      | 3 4 5 |  5.0
Stealth        | 1 |  1.1
Short Blades   | 1 |  1.3
Fighting       | 2 |  2.0
Armour         | |  0.4
Dodging        | |  2.9
Spellcasting   | |  1.1
Hexes          | |  3.7
Translocations | |  0.5

Action                   |  1- 3 |  4- 6 || total
-------------------------+-------+-------++-------
Melee: Short sword       |       |    88 ||    88
 Fire: Hand crossbow     |    68 |    69 ||   137
  Use: Potion            |       |     5 ||     5
       Scroll            |       |     7 ||     7
 Stab: Sleeping          |       |     7 ||     7
Armor: Robe              |     3 |     3 ||     6
       Skin              |       |     4 ||     4
       Leather armour    |       |    21 ||    21
Dodge: Dodged            |    13 |   106 ||   119

Table legend: (Time is in decaauts)
 A = Elapsed time spent in this place.
 B = Non-inter-level travel time spent in this place.
 C = Inter-level travel time spent in this place.
 D = Time resting spent in this place.
 E = Time spent auto-exploring this place.
 F = Levels seen in this place.
 G = Mean time per level.
                   A        B        C        D        E       F      G
               +--------+--------+--------+--------+--------+-----+--------+
         Total |   3587 |   3469 |    118 |    310 |   2545 |   4 |  896.8 |
       Dungeon |   3587 |   3469 |    118 |    310 |   2545 |   4 |  896.8 |
               +--------+--------+--------+--------+--------+-----+--------+

Top non-repeatable levels by time:
     D:3: 1320 daAuts
     D:2: 1163 daAuts
     D:1: 992 daAuts
     D:4: 111 daAuts
